 Dungeon Crawl Stone Soup version 0.29-a0-542-g075992c915 (webtiles) character file.

Game seed: 1368968451556980980

127 croobank the Sneak (level 4, 0/22 HPs)
             Began as a Spriggan Enchanter on June 4, 2022.
             Succumbed to Eustachio's poison
             ... on level 4 of the Dungeon.
             The game lasted 00:25:09 (4055 turns).

croobank the Sneak (Spriggan Enchanter)             Turns: 4055, Time: 00:25:10

Health: 0/22       AC:  4    Str:  4    XL:     4   Next: 85%
Magic:  6/10       EV: 18    Int: 18    God:
Gold:   215        SH:  0    Dex: 15    Spells: 2/10 levels left

rFire   . . .      SeeInvis +   a - +3 dagger
rCold   . . .      Faith    .   (no shield)
rNeg    . . .      Spirit   .   b - +2 robe
rPois   .          Reflect  .   (helmet restricted)
rElec   .          Harm     .   (no cloak)
rCorr   .          Rampage  .   (gloves unavailable)
Will    .....                   (boots unavailable)
Stlth   +++.......              (no amulet)
HPRegen 0.07/turn               m - ring of flight
MPRegen 0.12/turn               (no ring)

@: lethally poisoned (0 -> -11), about to teleport, flying, invisible, very
quick
A: very small, no large weapons, unfitting armour, see invisible, speed 3
a: no special abilities


You were on level 4 of the Dungeon.
You visited 1 branch of the dungeon, and saw 4 of its levels.

You collected 215 gold pieces.

Inventory:

Hand Weapons
 a - a +3 dagger (weapon)
 e - a +0 vorpal mace
 j - a +0 long sword of holy wrath
 l - a +1 whip of electrocution
 n - a +0 falchion
Missiles
 f - 7 boomerangs (quivered)
 i - 2 poisoned darts
 k - 52 stones
Armour
 b - a +2 robe (worn)
Jewellery
 m - a ring of flight (left hand)
Scrolls
 g - 2 scrolls of teleportation
 h - a scroll of noise
Potions
 c - 2 potions of invisibility
 d - a potion of resistance


   Skills:
 + Level 1.1 Fighting
 + Level 2.1 Short Blades
 + Level 3.7 Dodging
 + Level 5.3 Stealth
 + Level 3.5 Spellcasting
 + Level 4.3 Hexes


You had 2 spell levels left.
You knew the following spells:

 Your Spells              Type           Power      Damage    Failure   Level
a - Tukima's Dance        Hex            18%        N/A       8%          3
b - Confusing Touch       Hex            18%        N/A       8%          3
c - Ensorcelled Hibernat  Hex/Ice        22%        N/A       10%         2

Your spell library contained the following spells:

 Spells                   Type           Power      Damage    Failure   Level
 Dazzling Flash           Conj/Hex       22%        N/A       19%         3
 Spider Form              Tmut/Pois      3%         N/A       43%         3
 Anguish                  Hex/Necr       5%         N/A       54%         4


Dungeon Overview and Level Annotations

Branches:
Dungeon (4/15)
 Temple: D:4-7

Altars:
Yredelemnul

Annotations:
D:3 1 runed translucent door
D:4 Eustachio


Innate Abilities, Weirdness & Mutations

You are very small and have problems with some larger weapons.
You are too small for most types of armour.
You have supernaturally acute eyesight. (SInv)
You cover ground extremely quickly. (Speed+++)


Message History

You fade into invisibility!
Casting: Ensorcelled Hibernation (safe; 10% risk of failure)
Confirm with . or Enter, or press ? or * to list all spells.
Aiming: Ensorcelled Hibernation (safe; 10% risk of failure)
Press: ? - help, Shift-Dir - straight line, f - Eustachio
Aim: Eustachio, wielding a +1 rapier of venom and wearing a +0 leather armour (can't see you, chance to affect: 45%) Eustachio looks drowsy...
Eustachio shouts!
Eustachio hits you with a +1 rapier of venom.
You are poisoned.
You hit Eustachio.
Eustachio is lightly wounded.
You feel sick. Eustachio misses you.
You hit Eustachio.
Eustachio is moderately wounded.
You feel sick. Eustachio completely misses you.
You hit Eustachio.
Eustachio is moderately wounded.
You feel sick.
Eustachio hits you with a +1 rapier of venom.
You are lethally poisoned!
You are too injured to fight recklessly!
Okay, then.
As you read the scroll of teleportation, it crumbles to dust.
You feel strangely unstable.
You feel very sick. Eustachio closely misses you.
* * * LOW HITPOINT WARNING * * *
You feel very sick.
Okay, then.
Casting: Ensorcelled Hibernation (safe; 10% risk of failure)
Confirm with . or Enter, or press ? or * to list all spells.
The spell is quite dangerous to miscast (8% risk of failure)!
Continue anyway?
Aiming: Tukima's Dance (quite dangerous; 8% risk of failure)
Press: ? - help, Shift-Dir - straight line, f/p - Eustachio
Aim: Eustachio, wielding a +1 rapier of venom and wearing a +0 leather armour (moderately wounded, can't see you, chance to affect: 50%) Eustachio resists with significant effort.
* * * LOW HITPOINT WARNING * * *
You feel very sick.
You die...

#..# #..# #..# #..#
#..# #..# # # #.@# #
.# . .. #..# .##..#
##. ..##.##@##....# ..
#............# ## . ..
########.###
.######### #.#
.........## #.#
..)#####..# #.#
..#.#.....#######.##
.##................##
#####......####.....##


You could see Eustachio (can't see you).

Vanquished Creatures
  Natasha (D:4)
  4 adders
  A dart slug (D:2)
  5 orcs
  6 ball pythons
  4 endoplasms
  A giant cockroach (D:1)
  8 goblins
  2 hobgoblins
  4 jackals (D:2)
  2 kobolds
  3 quokkas
  4 bats
  6 frilled lizards
  A jackal skeleton (D:3)
  A jackal zombie (D:3)
  4 rats
57 creatures vanquished.

Vanquished Creatures (collateral kills)
  A kobold (D:3)
  A rat (D:2)
2 creatures vanquished.

Vanquished Creatures (others)
  A dancing weapon (D:2)
1 creature vanquished.

Grand Total: 60 creatures vanquished

Notes
Turn   | Place    | Note
-------+----------+-------------------------------------------
     0 | D:1      | croobank the Spriggan Enchanter began the quest for the
                  | Orb.
     0 | D:1      | Reached XP level 1. HP: 9/9 MP: 5/5
   387 | D:1      | Reached XP level 2. HP: 11/13 MP: 6/6
   910 | D:2      | Reached XP level 3. HP: 16/17 MP: 8/8
   924 | D:2      | Learned a level 3 spell: Tukima's Dance
   928 | D:2      | Learned a level 3 spell: Confusing Touch
   931 | D:2      | Learned a level 2 spell: Ensorcelled Hibernation
  1801 | D:2      | Reached skill level 1 in Fighting
  1801 | D:2      | Reached skill level 5 in Stealth
  2230 | D:3      | Found a faded altar of an unknown god.
  2275 | D:3      | Reached XP level 4. HP: 17/22 MP: 6/10
  2779 | D:3      | Found a runed translucent door.
  2779 | D:3      | Noticed a human
  2783 | D:3      | Found a basalt altar of Yredelemnul.
  3737 | D:4      | Noticed Natasha
  3752 | D:4      | Killed Natasha
  4042 | D:4      | Noticed Eustachio
  4054 | D:4      | HP: 1/22 [poisoned by Eustachio]
  4055 | D:4      | Succumbed to Eustachio's poison

Illustrated notes

Levels and vault maps discovered:
D:1:      minmay_arrival_stair_chambers, layout_basic, minmay_misc_feat_chi,
          kennysheep_decorative_pillar
D:2:      minmay_spotlight, layout_basic
D:3:      cheibrodos_helix_gallery, layout_basic, dk_yredelemnul_ordeal,
          chequers_ecumenical_altar_simple
D:4:      minmay_chambers_of_twos, layout_loops_cross, serial_co_window_serial,
          co_window_corner_a, co_window_paths_a, co_window_of_opportunity_a,
          co_window_paths_b, co_window_paths_b, co_window_of_opportunity_a,
          co_window_corner_a, co_window_corner_cb, co_window_broadway_b,
          co_window_broadway_b, co_window_cross_2, co_window_2corner,
          co_window_paths_d, glass_columns_a, uniq_eustachio, uniq_ijyb,
          uniq_natasha, uniq_sigmund

Skill      XL: |  1  2  3  4 |
---------------+-------------+-----
Dodging        | 3 |  3.7
Spellcasting   | 3 |  3.5
Hexes          | 4 |  4.3
Fighting       | 1 |  1.1
Stealth        | 5 |  5.3
Short Blades   | 2 |  2.1

Action                   |  1- 3 |  4- 6 || total
-------------------------+-------+-------++-------
Melee: Dagger            |   147 |    65 ||   212
 Cast: Confusing Touch   |     6 |     4 ||    10
       Tukima's Dance    |     3 |     3 ||     6
       Ensorcelled Hiber |       |     4 ||     4
  Use: Scroll            |     7 |     6 ||    13
       Potion            |     1 |     1 ||     2
 Stab: Sleeping          |    11 |     6 ||    17
       Confused          |     2 |     1 ||     3
       Distracted        |       |     1 ||     1
Armor: Robe              |    17 |     8 ||    25
Dodge: Dodged            |   117 |    55 ||   172

Table legend: (Time is in decaauts)
 A = Elapsed time spent in this place.
 B = Non-inter-level travel time spent in this place.
 C = Inter-level travel time spent in this place.
 D = Time resting spent in this place.
 E = Time spent auto-exploring this place.
 F = Levels seen in this place.
 G = Mean time per level.
                   A        B        C        D        E       F      G
               +--------+--------+--------+--------+--------+-----+--------+
         Total |   3262 |   3224 |     38 |   1222 |   1518 |   4 |  815.5 |
       Dungeon |   3262 |   3224 |     38 |   1222 |   1518 |   4 |  815.5 |
               +--------+--------+--------+--------+--------+-----+--------+

Top non-repeatable levels by time:
     D:2: 1218 daAuts
     D:3: 1000 daAuts
     D:1: 553 daAuts
     D:4: 490 daAuts
